 Dungeon Crawl Stone Soup version 0.23-a0-586-gacb4b3f (webtiles) character file.

14496 Lavandula the Spear-Bearer (level 12, -2/80 HPs)
             Began as a Halfling Enchanter on Dec 18, 2018.
             Was a High Priest of Cheibriados.
             Killed from afar by an orc sorcerer (16 damage)
             ... with a bolt of negative energy
             ... led by an orc knight
             ... while paralysed by an orc sorcerer
             ... on level 1 of the Orcish Mines.
             The game lasted 00:51:42 (7145 turns).

Lavandula the Spear-Bearer (Halfling Enchanter)     Turns: 7145, Time: 00:51:42

Health: -2/80      AC: 23    Str: 31    XL:     12   Next: 45%
Magic:  18/18      EV:  3    Int: 25    God:    Cheibriados [*****.]
Gold:   57         SH:  0    Dex: 28    Spells: 7/16 levels left

rFire    . . .     SeeInvis +   e - +2 spear (vamp)
rCold    + . .     Gourm    +   (shield restricted)
rNeg     . . .     Faith    .   t - +4 scale mail {rC+}
rPois    .         Spirit   .   a - +2 helmet {SInv}
rElec    .         Reflect  .   b - +0 cloak
rCorr    .         Harm     .   E - +1 pair of gloves
MR       .....                  n - +2 pair of boots
Stlth    ++........             q - amulet of the gourmand
HPRegen  0.23/turn              R - +3 ring of protection
MPRegen  0.16/turn              d - +6 ring of strength

@: paralysed, drained, very slow
A: small, mutation resistance 1
a: Bend Time, Temporal Distortion, Slouch, Step From Time, Renounce Religion


You were on level 1 of the Orcish Mines.
You worshipped Cheibriados.
Cheibriados was extremely pleased with you.
You were completely stuffed.

You visited 2 branches of the dungeon, and saw 16 of its levels.
You visited 1 bazaar.

You collected 793 gold pieces.
You spent 736 gold pieces at shops.

Inventory:

Hand Weapons
 e - a +2 vampiric spear (weapon)
 m - the +4 mace of the End of Times {holy, -Tele +Fly rF+}
   (You found it on level 4 of the Dungeon)

   It has been blessed by the Shining One to cause great damage to the undead
   and demons.
   It protects you from fire.
   It lets you fly.
   It prevents most forms of teleportation.
 B - the +10 long sword of Exquisite Torment {drain, Str+3}
   (You found it on level 5 of the Dungeon)

   A truly terrible weapon, it drains the life of those it strikes.
   It affects your strength (+3).
Missiles
 z - 34 poisoned needles
Armour
 a - a +2 helmet of see invisible (worn)
 b - a +0 cloak (worn)
 n - a +2 pair of boots (worn)
 t - a +4 scale mail of cold resistance (worn)
 D - a cursed +0 chain mail
 E - a +1 pair of gloves (worn)
 W - +0 acid dragon scales
Magical Staves
 S - an uncursed staff of wizardry
Jewellery
 d - a +6 ring of strength (right hand)
 f - an uncursed ring of ice
 i - an uncursed ring of wizardry
 k - an uncursed ring of ice
 q - an amulet of the gourmand (around neck)
 C - a +1 ring of protection
 R - a +3 ring of protection (left hand)
 T - an uncursed amulet of magic regeneration
 U - an uncursed ring of wizardry
Wands
 g - a wand of flame (12)
 y - a wand of digging (11)
 L - a wand of random effects (13)
 N - a wand of clouds (5)
 P - a wand of enslavement (6)
Scrolls
 c - 2 scrolls of magic mapping
 l - 8 scrolls of remove curse {remove curse?}
 r - 3 scrolls of fear
 v - 6 scrolls of teleportation
 w - 2 scrolls of immolation
 x - 2 scrolls of amnesia
 K - 2 scrolls of summoning
 M - a scroll of blinking
 O - 2 scrolls of vulnerability {unknown}
 V - a scroll of fog
Potions
 h - 2 potions of curing
 o - 2 potions of magic
 p - 3 potions of heal wounds
 s - 2 potions of ambrosia {unknown}
 u - a potion of haste {unknown}
 A - 2 potions of flight {unknown}
 F - a potion of brilliance {unknown}
 G - 3 potions of lignification
 H - a potion of might {unknown}
 I - a potion of agility {unknown}
 J - 2 potions of degeneration {unknown}
 Q - 3 potions of invisibility
Comestibles
 j - 24 rations
 X - 2 chunks of flesh


   Skills:
 - Level 6.4(5.9) Fighting
   Level 1.5(1.0) Short Blades
 - Level 12.0(11.3) Polearms
 + Level 4.8(4.3) Armour
 - Level 5.1(4.6) Dodging
 - Level 3.2(2.7) Stealth
 - Level 2.6(2.1) Spellcasting
 - Level 5.3(4.7) Hexes
 - Level 9.1(8.5) Invocations


You had 7 spell levels left.
You knew the following spells:

 Your Spells              Type           Power        Failure   Level  Hunger
a - Corona                Hex            ####...      3%          1    None
b - Confuse               Hex            ####....     10%         3    ###....
c - Ensorcelled Hibernat  Hex/Ice        ##....       12%         2    ##.....
d - Dazzling Spray        Conj/Hex       ##....       24%         3    ###....

Your spell library contained the following spells:

 Spells                   Type           Power        Failure   Level  Hunger
 Tukima's Dance           Hex            ####....     10%         3    ###....
 Freeze                   Ice            #...         22%         1    None
 Throw Frost              Conj/Ice       #.....       32%         2    ##.....
 Ozocubu's Armour         Chrm/Ice       #.......     54%         3    ###....
 Summon Ice Beast         Ice/Summ       #.......     91%         4    ####...
 Throw Icicle             Conj/Ice       #.......     91%         4    ####...


Dungeon Overview and Level Annotations

Branches:
Dungeon (15/15)            Temple (0/1) D:6             Orc (1/2) D:10
   Lair: D:8-11      Vaults: D:13-14     Depths: D:15

Altars:
Cheibriados
Dithmenos
Kikubaaqudgha
Makhleb
Okawaru
Ru
Zin
Jiyva

Shops:
D:6 [*}}   D:12 [(

Annotations:
D:8 3 runed doors, kirsanium's ghost, novice OpFE
D:13 Azrael


Innate Abilities, Weirdness & Mutations

You are small and have problems with some larger weapons.
You are somewhat resistant to further mutation.


Message History

You suddenly lose the ability to move!
The orc wizard casts a spell.
The orc wizard flickers and vanishes for a moment.
The cyclops throws a large rock.
The large rock hits you!
The orc wizard no longer looks unusually strong.
The orc sorcerer no longer looks unusually strong.
The orc no longer looks unusually strong.
The orc sorcerer casts a spell at you. The bolt of fire hits you!
The cyclops throws a large rock.
The large rock hits you!! The orc hits you but does no damage.
The cyclops throws a large rock.
The large rock hits you!
* * * LOW HITPOINT WARNING * * *
The orc hits you.
* * * LOW HITPOINT WARNING * * *
The orc knight roars a battlecry!
The orcs go into a battle-frenzy!
The orc sorcerer points at you and mumbles some strange words.
The bolt of negative energy hits you!
You feel drained.
You die...

#..$..............##
...................#
.........>.........#
. .....C.......##
...#..........#
.............##
..............#
....#.........#
........#oo@..#
.......o..o..##
.O..#..##....#
.....## ##..## .o.h.
##.# .. ... ....
...$


You could see an orc knight, a cyclops, an orc sorcerer, an orc wizard
(invisible) and an orc.

Vanquished Creatures
  Snorg (D:10)
  A two-headed ogre (D:12)
  2 unseen horrors (D:12)
  A deep elf mage (D:9)
  An ugly thing (D:12)
  2 manticores (D:12)
  Maurice (D:13)
  A gargoyle (D:13)
  A komodo dragon (D:10)
  A slime creature (D:13)
  A hippogriff (D:7)
  A shadow (D:13)
  A wraith (D:12)
  12 yaks
  3 hogs (D:7)
  4 fire elementals (D:13)
  A steam dragon (D:8)
  A human (D:7)
  A hungry ghost (D:8)
  An acid dragon (D:13)
  2 hell hounds (D:13)
  4 ice beasts
  5 orc warriors
  A sky beast (D:6)
  2 phantoms
  2 black bears
  2 ogres
  A centaur (D:7)
  2 crocodiles
  3 big kobolds
  7 bullfrogs
  5 scorpions
  17 killer bees
  2 wights (D:13)
  2 howler monkeys
  3 crimson imps
  2 jellies
  A quasit (D:11)
  A centaur zombie (D:8)
  3 bullfrog zombies
  5 hounds
  12 orc wizards
  9 orc priests
  3 bullfrog skeletons
  An iguana (D:6)
  Terence (D:3)
  6 worker ants
  A hound zombie (D:7)
  A worker ant zombie (D:6)
  A howler monkey zombie (D:6)
  Robin (D:3)
  4 gnolls (D:9)
  9 adders
  2 shadow imps
  An adder skeleton (D:7)
  An adder zombie (D:6)
  A worm (D:3)
  2 dart slugs
  A leopard gecko (D:8)
  25 orcs
  4 bats
  2 giant cockroaches
  12 goblins
  8 hobgoblins
  A quokka (D:3)
  A ball python (D:2)
  9 frilled lizards
  A jackal skeleton (D:4)
  19 kobolds
  2 leopard gecko skeletons
  A leopard gecko zombie (D:5)
  A quokka skeleton (D:8)
  7 rats
260 creatures vanquished.

Vanquished Creatures (collateral kills)
  A troll (D:11)
1 creature vanquished.

Vanquished Creatures (others)
  A vault guard (D:14)
  An unseen horror (D:12)
  An orc warrior (D:8)
  An orc wizard (D:5)
4 creatures vanquished.

Grand Total: 265 creatures vanquished

Notes
Turn   | Place    | Note
-------+----------+-------------------------------------------
     0 | D:1      | Lavandula the Halfling Enchanter began the quest for the
                  | Orb.
     0 | D:1      | Reached XP level 1. HP: 11/11 MP: 3/3
    65 | D:1      | Reached skill level 1 in Polearms
   103 | D:1      | Reached XP level 2. HP: 17/17 MP: 4/4
   345 | D:1      | Reached skill level 2 in Polearms
   345 | D:1      | Reached XP level 3. HP: 21/21 MP: 5/5
   408 | D:3      | Learned a level 3 spell: Confuse
   485 | D:3      | Noticed Terence
   613 | D:3      | Reached XP level 4. HP: 24/27 MP: 6/6
   662 | D:3      | Noticed Robin
   674 | D:3      | Reached skill level 3 in Polearms
   688 | D:3      | Killed Robin
   791 | D:3      | Killed Terence
   791 | D:3      | Reached XP level 5. HP: 16/31 MP: 2/7
   815 | D:3      | Found a burning altar of Makhleb.
   815 | D:3      | Found a shadowy altar of Dithmenos.
   936 | D:3      | Found a faded altar of an unknown god.
   954 | D:4      | Noticed an ogre
   972 | D:3      | Reached skill level 4 in Polearms
  1239 | D:4      | Found a snail-covered altar of Cheibriados.
  1472 | D:4      | Got a crystal mace
  1473 | D:4      | Identified the +4 mace of the End of Times {holy, -Tele
                  | +Fly rF+} (You found it on level 4 of the Dungeon)
  1512 | D:4      | Reached XP level 6. HP: 36/36 MP: 8/8
  1522 | D:4      | Reached skill level 5 in Polearms
  1580 | D:5      | Entered Level 5 of the Dungeon
  1616 | D:4      | Learned a level 2 spell: Ensorcelled Hibernation
  1755 | D:4      | Became a worshipper of Cheibriados the Contemplative
  1931 | D:5      | Reached XP level 7. HP: 41/41 MP: 9/9
  2013 | D:5      | Reached skill level 6 in Polearms
  2034 | D:5      | Got a translucent long sword
  2035 | D:5      | Identified the +10 long sword of Exquisite Torment {drain,
                  | Str+3} (You found it on level 5 of the Dungeon)
  2218 | D:6      | Found Loec Qape's Armour Boutique.
  2222 | D:6      | Bought a +0 cloak for 49 gold pieces
  2286 | D:6      | Found a staircase to the Ecumenical Temple.
  2366 | D:6      | Reached skill level 7 in Polearms
  2385 | D:6      | Found Xanaagey's Gadget Shop.
  2395 | D:6      | Reached XP level 8. HP: 43/46 MP: 2/10
  2410 | D:6      | Reached * piety under Cheibriados
  2448 | D:6      | Found Rech's Assorted Antiques.
  2458 | D:6      | Bought a golden potion for 18 gold pieces
  2458 | D:6      | Bought a scroll labeled SUZOXI WYUR for 20 gold pieces
  2458 | D:6      | Bought a blackened brass wand for 80 gold pieces
  2484 | D:6      | Identified the +3 falchion of the Firefly {holy, rC+ MR+
                  | Dex+2}
  2505 | D:6      | Found a glowing silver altar of Zin.
  2539 | D:6      | Reached skill level 8 in Polearms
  2984 | D:6      | Found Saucs's Gadget Shoppe.
  3068 | D:6      | Bought a red potion for 18 gold pieces
  3068 | D:6      | Bought a fizzy ruby potion for 18 gold pieces
  3217 | D:7      | Found a sacrificial altar of Ru.
  3256 | D:7      | Found an iron altar of Okawaru.
  3323 | D:7      | Reached skill level 9 in Polearms
  3338 | D:7      | Noticed a yak
  3338 | D:7      | Noticed a human
  3338 | D:7      | Noticed a hog
  3338 | D:7      | Noticed a hog
  3338 | D:7      | Noticed a hog
  3362 | D:7      | Killed a hog
  3379 | D:7      | Killed a yak
  3379 | D:7      | Reached XP level 9. HP: 35/51 MP: 9/11
  3390 | D:7      | Reached skill level 10 in Polearms
  3483 | D:7      | Noticed a hippogriff
  3499 | D:7      | Killed a hippogriff
  3673 | D:8      | Reached skill level 11 in Polearms
  3685 | D:8      | Reached ** piety under Cheibriados
  3990 | D:8      | Reached XP level 10. HP: 48/56 MP: 8/12
  4030 | D:8      | Reached skill level 12 in Polearms
  4205 | D:8      | Found a runed gate.
  4206 | D:8      | Found a runed gate.
  4210 | D:8      | Found a runed gate.
  4213 | D:8      | Found a viscous altar of Jiyva.
  4213 | D:8      | Noticed kirsanium's ghost (novice OpFE)
  4251 | D:9      | Noticed a deep elf mage
  4396 | D:6      | Bought a shiny coral ring for 100 gold pieces
  4459 | D:7      | Found an ancient bone altar of Kikubaaqudgha.
  4513 | D:7      | Reached *** piety under Cheibriados
  4548 | D:9      | Reached skill level 5 in Dodging
  4672 | D:9      | Killed a deep elf mage
  4852 | D:10     | Entered Level 10 of the Dungeon
  4983 | D:10     | Reached skill level 1 in Armour
  4989 | D:10     | Found a staircase to the Orcish Mines.
  5008 | D:10     | Noticed a komodo dragon
  5038 | D:10     | Killed a komodo dragon
  5098 | D:10     | Noticed Snorg
  5134 | Orc:1    | Entered Level 1 of the Orcish Mines
  5144 | Orc:1    | Reached **** piety under Cheibriados
  5179 | Orc:1    | Noticed a cyclops
  5180 | Orc:1    | Noticed an orc knight
  5299 | D:11     | Learned a level 3 spell: Dazzling Spray
  5415 | D:11     | Reached XP level 11. HP: 59/67 MP: 15/15
  5576 | D:12     | Noticed an unseen horror
  5596 | D:12     | Killed an unseen horror
  5628 | D:12     | Found Cumiod's Armour Emporium.
  5633 | D:12     | Noticed a manticore
  5648 | D:12     | Killed a manticore
  5648 | D:12     | Reached skill level 5 in Hexes
  5754 | D:12     | Found Fuplu's Weapon Shop.
  5846 | D:12     | Reached ***** piety under Cheibriados
  5854 | D:12     | Noticed a two-headed ogre
  5861 | D:12     | Killed a two-headed ogre
  5908 | D:12     | Noticed an unseen horror
  5913 | D:12     | Noticed a manticore
  5919 | D:12     | Killed an unseen horror
  5919 | D:12     | Reached skill level 5 in Fighting
  5933 | D:12     | Noticed a purple ugly thing
  5938 | D:12     | Noticed an unseen horror
  5943 | D:12     | Killed a manticore
  5959 | D:12     | Killed a purple ugly thing
  6018 | D:12     | Killed an unseen horror
  6080 | D:12     | Reached skill level 5 in Invocations
  6292 | D:12     | Reached XP level 12. HP: 77/77 MP: 16/16
  6373 | D:13     | Found a flickering gateway to a bazaar.
  6382 | Bazaar   | Entered a bazaar
  6456 | Bazaar   | Found Xakhlovuepp's Antique Weapon Emporium.
  6469 | Bazaar   | Found Unydess's Magic Scroll Emporium.
  6491 | Bazaar   | Found Untitaicw's Assorted Antiques.
  6496 | Bazaar   | Bought a thick cabochon amulet for 160 gold pieces
  6536 | Bazaar   | Bought a scroll of fear for 38 gold pieces
  6536 | Bazaar   | Bought a scroll of fog for 22 gold pieces
  6536 | Bazaar   | Bought a scroll of fear for 38 gold pieces
  6536 | Bazaar   | Bought a scroll of magic mapping for 38 gold pieces
  6536 | Bazaar   | Bought a scroll of teleportation for 33 gold pieces
  6536 | Bazaar   | Bought a scroll of summoning for 104 gold pieces
  6692 | D:13     | Noticed Azrael
  6823 | D:14     | Killed a vault guard
  6826 | D:15     | Entered Level 15 of the Dungeon
  6880 | D:13     | Noticed Maurice
  6903 | D:13     | Killed Maurice
  7063 | D:10     | Killed Snorg
  7139 | Orc:1    | Paralysed by an orc sorcerer for 7 turns
  7145 | Orc:1    | Killed from afar by an orc sorcerer

Vault maps used:
D:1:      dpeg_arrival_fog
D:2:      minmay_wonky_spiral, yredelemnul_altar_generic, marbit_many_paths
D:3:      minitemple, chequers_ecumenical_altar_simple_redux, uniq_robin,
          uniq_terence
D:4:      nicolae_overflow_hidden_temple, kennysheep_slug_shrine,
          lemuel_round_altar
D:5:      first_ration, minmay_checkerbox
D:6:      lemuel_crystal_altar, minmay_temple_entry_statues_fountains,
          serial_shops, kennysheep_little_box, nicolae_shop_behind_doors,
          nicolae_shop_window_shopping, nicolae_shop_overgrown_old_shop
D:7:      minmay_angry_zag, overflow_temple_1_default, basic_altar,
          grunt_livestock, minmay_misc_feat_rows,
          nicolae_ru_sacrificial_ziggurat
D:8:      hangedman_cross_stitches, gammafunk_ghost_ooze,
          minmay_misc_feat_secret_circle
D:10:     lair_entry_dummy, david_orc_3, enter_trove_1, uniq_snorg,
          uniq_josephine
D:11:     ebering_ghost_inner_flame
D:12:     serial_shops, shop, nicolae_shop_stone, shop_coins, shop,
          kennysheep_pointless_box, minivault_11
D:13:     serial_shops, bzr_entry_islet, uniq_azrael, uniq_maurice
D:14:     ximxim_vaults_locker_room
D:15:     grunt_enter_depths_magical_seal, basic_altar, uniq_rupert
Orc:1:    serial_shops, nicolae_shop_waterfront, uniq_erolcha
Bazaar:   bazaar_kenran_forest_clearing

Skill      XL: |  1  2  3  4  5  6  7  8  9 10 11 12 |
---------------+-------------------------------------+-----
Polearms       | 1 2 3 4 5 7 9 11 12 | 12.0
Dodging        | 5 |  5.1
Fighting       | 3 5 6 |  6.4
Armour         | 4 |  4.8
Spellcasting   | 2 |  2.6
Hexes          | 5 |  5.3
Invocations    | 6 9 |  9.1
Short Blades   | |  1.5
Stealth        | |  3.2

Action                   |  1- 3 |  4- 6 |  7- 9 | 10-12 || total
-------------------------+-------+-------+-------+-------++-------
Melee: Spear             |    69 |   212 |   500 |  1041 ||  1822
       Dagger            |     2 |       |       |       ||     2
 Cast: Corona            |     1 |     1 |     2 |     6 ||    10
       Confuse           |       |     2 |     2 |       ||     4
       Ensorcelled Hiber |       |       |     1 |     1 ||     2
       Dazzling Spray    |       |       |       |     1 ||     1
Invok: Bend Time         |       |       |       |     2 ||     2
       Step From Time    |       |       |       |     1 ||     1
       Slouch            |       |       |       |     1 ||     1
Evoke: Wand              |       |       |       |     8 ||     8
       Sack of spiders   |       |       |       |     1 ||     1
  Use: Scroll            |       |     5 |     4 |    13 ||    22
       Potion            |       |       |     1 |     1 ||     2
 Stab: Sleeping          |    12 |     3 |     1 |     2 ||    18
       Confused          |       |     2 |       |       ||     2
       Distracted        |       |       |       |     1 ||     1
  Eat: Ration            |     1 |       |       |       ||     1
       Chunk             |     6 |    13 |    14 |    24 ||    57
Armor: Robe              |     5 |     4 |       |       ||     9
       Scale mail        |       |    45 |   138 |   228 ||   411
Dodge: Dodged            |    27 |    73 |   191 |   462 ||   753

Table legend:
 A = Non-vault XP
 B = Vault XP
 C = Vault XP percentage of total XP
 D = Non-vault monster count
 E = Vault monster count
 F = Vault count percentage of total count
                 A         B        C        D         E       F
            +---------+---------+-------+---------+---------+-------
      Total |   16308 |    4401 |  21.3 |     219 |      44 |  16.7
            +---------+---------+-------+---------+---------+-------
        D:1 |      28 |       0 |   0.0 |      16 |       0 |   0.0
        D:2 |       5 |       0 |   0.0 |       5 |       0 |   0.0
        D:3 |     125 |      71 |  36.2 |      18 |      13 |  41.9
        D:4 |     143 |       4 |   2.7 |       8 |       1 |  11.1
        D:5 |     304 |       0 |   0.0 |      12 |       0 |   0.0
        D:6 |     650 |       0 |   0.0 |      17 |       0 |   0.0
        D:7 |     888 |     982 |  52.5 |      13 |       6 |  31.6
        D:8 |    1317 |     273 |  17.2 |      21 |       7 |  25.0
        D:9 |     811 |       0 |   0.0 |       7 |       0 |   0.0
       D:10 |    1074 |    1542 |  58.9 |      15 |      10 |  40.0
       D:11 |     989 |       0 |   0.0 |      19 |       0 |   0.0
       D:12 |    7386 |       0 |   0.0 |      39 |       0 |   0.0
       D:13 |    2271 |    1529 |  40.2 |      19 |       7 |  26.9
      Orc:1 |     317 |       0 |   0.0 |      10 |       0 |   0.0
            +---------+---------+-------+---------+---------+-------
